[Event "Early-Titled-Tuesday-Blitz-January-16-2024"]
[Site "Chess.com"]
[Date "2024.01.16"]
[Round "1"]
[White "amanmuhammethommadov"]
[Black "Louis-Paulsen-Fan"]
[Result "0-1"]
[WhiteElo "2623"]
[BlackElo "2310"]
[TimeControl "180+1"]
[EndTime "8:07:43 PST"]
[Termination "Louis-Paulsen-Fan won on time"]

1. e4 Nf6 2. e5 Nd5 3. Nc3 Nxc3 4.
dxc3 d6 5. Nf3 Nc6 6. Bb5 Bd7 7.
O-O Nxe5 8. Nxe5 dxe5 9. Bc4 e6 10. Qe2 Bd6 11. Be3 O-O 12. Rad1 Qe7 13. Bd3 Bc6 14. b4 a6 15. a3 f5 16. f3 Rad8 17. Bc4 Kh8 18.
Rd2 e4 19. f4 e5 20. g3 exf4 21. gxf4 Bd7 22. Kh1 Be6 23. Rg1 Rg8 24. Bxe6 Qxe6 25. Qh5 Be7 26. Rdg2 Bf6 27. Rg3 Bxc3 28. Rh3 h6 29.
Rg6 Rd1+ 30. Kg2 Qd7 31. Kf2 Be1+ 32. Ke2 Rd6 33. Kxe1 Rxg6 34. Qxg6 Rd8 35. Qh5 Qc6 0-1

[Event "Early-Titled-Tuesday-Blitz-January-16-2024"]
[Site "Chess.com"]
[Date "2024.01.16"]
[Round "1"]
[White "Anton_Demchenko"]
[Black "anasta10"]
[Result "1-0"]
[WhiteElo "2978"]
[BlackElo "2512"]
[TimeControl "180+1"]
[EndTime "8:07:44 PST"]
[Termination "Anton_Demchenko won by resignation"]

1. e4 g6 2. d4 Bg7 3. Nf3 d6 4. Bc4 Nf6 5. Qe2 O-O 6. e5 dxe5 7. dxe5 Nd5 8. h3 c6 9. O-O h6 10. Rd1 Be6 11. Bb3 Qc8 12. Nbd2 Nd7 13. Nf1 Nc5 14. Re1 Qc7 15. N1h2 a5 16. c3 Nxb3 17. axb3 b5 18.
Ng4 Bxg4 19. hxg4 e6 20. g3 Rfd8 21. Kg2 g5 22. Bd2 Ne7 23. Be3 Ng6 24. Bc5 Bf8 25. Bxf8 Kxf8 26. Qe4 Kg7 27. Nd4 Rd5 28. f4 c5 29. Nf3 Rad8 30. f5 Nf8 31. Re2 c4 32. Rh1 Qb7 33. bxc4 bxc4 34. f6+ Kg8 35. Rxh6 Ng6 36.
Rxg6+ fxg6 37. Qxg6+ Kf8 38. Qe4 R5d7 39. Nxg5 Qxe4+ 40. Rxe4 Rd2+ 41. Kh3 Rb8 42. Nxe6+ Kf7 43. Nf4 Rbxb2 44.
g5 Ke8 45. e6 Rh2+ 46. Kg4 Rh7 47. Rxc4 Rg7 1-0

[Event "Early-Titled-Tuesday-Blitz-January-16-2024"]
[Site "Chess.com"]
[Date "2024.01.16"]
[Round "1"]
[White "LangesNasenhaar"]
[Black "DrVitman"]
[Result "0-1"]
[WhiteElo "2419"]
[BlackElo "2781"]
[TimeControl "180+1"]
[EndTime "8:07:45 PST"]
[Termination "DrVitman won by resignation"]

1. d4 Nf6 2. Nc3 d5 3. Bf4 c5 4. e4 Nxe4 5. Nxe4 dxe4 6. dxc5 Qxd1+ 7. Rxd1 Nc6 8. c3 e5 9. Be3 f5 10. f4 exf4 11. Bxf4 Bxc5 12. Bc4 h6 13. b4 Be7 14. Ne2 Bd7 15. h4 O-O-O 16. h5 Bf6 17. O-O Rhe8 18. Bd5 Be6 19. Bxe6+ Rxe6 20. Rxd8+ Kxd8 21. Rd1+ Kc8 22. Rd5 Ne7 23. Rd2 Rc6 24. Nd4 Bxd4+ 25. Rxd4 Rxc3 26. Bd6 Nc6 27. Rd5 Rd3 28. Rxd3 exd3 29. Kf2 Nd8 30. Ke3 Ne6 31. Kxd3 Kd7 32. Be5 Kc6 33. Kc4 b5+ 34. Kd3 Kd5 35. Bb2 Nf4+ 36. Kd2 Nxh5 37. Ke3 g5 38.
Kf3 g4+ 39. Ke3 f4+ 40. Kd3 Ng3 41. Bc1 Nh5 42. Bd2 a6 43. a3 Ke5 44. Bc1 Ng3 45.
Bb2+ Kf5 46. Bg7 h5 47. Kd2 h4 48. Bh6 h3 49. gxh3 gxh3 0-1

[Event "Early-Titled-Tuesday-Blitz-January-16-2024"]
[Site "Chess.com"]
[Date "2024.01.16"]
[Round "1"]
[White "NewYearGirl"]
[Black "sokidze"]
[Result "0-1"]
[WhiteElo "2410"]
[BlackElo "2768"]
[TimeControl "180+1"]
[EndTime "8:07:45 PST"]
[Termination "sokidze won by resignation"]

1. e4 c6 2. d4 d5 3. Nc3 dxe4 4. Nxe4 Bf5 5. Ng3 Bg6 6. h4 h6 7. N1e2 Nf6 8. Nf4 Bh7 9. Nfh5 Nbd7 10. c3 e6 11. Bc4 Nxh5 12. Nxh5 Nf6 13. O-O Nxh5 14. Qxh5 Be7 15. Qg4 Bf6 16. h5 Bf5 17. Qg3 Bg5 18. Re1 Qf6 19. d5 cxd5 20. Bxd5 Bh4 21. Qf3 O-O 22. Bxb7 Rad8 23. Bf4 Rd3 24. Re3 Rfd8 25. Be5 Qe7 26. Bd4 Rxe3 27. Bxe3 Bf6 28. Be4 Bxe4 29. Qxe4 Rb8 30. Rb1 Qc7 31. Bd4 e5 32. Be3 Qa5 33. a3 a6 34. Qc4 Re8 35. Qc5 Qa4 36. Qb4 Qd7 37. Qb6 Re6 38. Qb8+ Kh7 39. Qb4 Qd3 40. Rf1 Qf5 41. Qc4 Qxh5 42. Qd3+ e4 43. Qd4 Bxd4 44.
Bxd4 Qb5 45. g3 Qxb2 0-1

[Event "Early-Titled-Tuesday-Blitz-January-16-2024"]
[Site "Chess.com"]
[Date "2024.01.16"]
[Round "1"]
[White "LeoLV10"]
[Black "Dedic8"]
[Result "1/2-1/2"]
[WhiteElo "2453"]
[BlackElo "2813"]
[TimeControl "180+1"]
[EndTime "8:07:46 PST"]
[Termination "Game drawn by repetition"]

1. e4 e5 2. Nf3 Nc6 3. Bb5 a6 4. Ba4 Nf6 5. O-O b5 6. Bb3 Bc5 7. a4 Rb8 8. c3 d6 9. Re1 O-O 10.
h3 h6 11. d4 Bb6 12. Be3 Re8 13. Nbd2 Bb7 14. axb5 axb5 15. Bc2 exd4 16. Nxd4 Nxd4 17. Bxd4 Bxd4 18. cxd4 c5 19. dxc5 dxc5 20. e5 Nd5 21. Nb3 c4 22. Nc5 Bc6 23. Qg4 Qg5 24. Qe4 g6 25. h4 Qe7 26. Qd4 Rbd8 27. Ne4 Nb4 28. Qc3 Nxc2 29. Nf6+ Kg7 30. Nxe8+ Rxe8 31. Qxc2 Qxh4 32.
Qe2 Qg5 33. f3 h5 34. Qe3 Qg3 35. Qf2 Qf4 36. Qe3 Qg3 37. Qf2 Qf4 38. Ra7 Bd5 39. Qe3 Qg3 40. Qf2 Qf4 41. Qe3 Qg3 42. Qf2 Qf4 1/2-1/2

[Event "Early-Titled-Tuesday-Blitz-January-16-2024"]
[Site "Chess.com"]
[Date "2024.01.16"]
[Round "1"]
[White "toninhojit"]
[Black "GMKrikor"]
[Result "0-1"]
[WhiteElo "2403"]
[BlackElo "2752"]
[TimeControl "180+1"]
[EndTime "8:07:47 PST"]
[Termination "GMKrikor won by resignation"]

1. d4 Nf6 2. c4 g6 3. Nc3 d5 4. cxd5 Nxd5 5. Bd2 Bg7 6. e4 Nb6 7. Be3 O-O 8. Qd2 Nc6 9. O-O-O e5 10. d5 Nd4 11. Nf3 Bg4 12. Be2 Bxf3 13. gxf3 c6 14. f4 Nxe2+ 15. Qxe2 exf4 16. Bxf4 Bxc3 17. bxc3 cxd5 18.
exd5 Rc8 19. Kb1 Na4 20. Rd3 Nxc3+ 21. Rxc3 Rxc3 22. Rd1 Re8 23. Qb2 Rc5 24. d6 Qd7 25. Ka1 Rf5 26. Bg3 h5 27. h4 b5 28. Qd4 a5 29. Rc1 Rd8 30. Rc7 Qe6 31. Qc3 Rd5 32. Re7 Qf5 33. Kb2 b4 34. Qe3 R5xd6 35. Re8+ Kg7 36.
Be5+ f6 37. Bxd6 Rxe8 38. Qxe8 Qxf2+ 39. Kb3 Qf3+ 40. Ka4 Qd1+ 41. Kb5 Qxd6 42. Kxa5 Qe5+ 43. Qxe5 fxe5 44. Kxb4 g5 45. a4 gxh4 0-1

[Event "Early-Titled-Tuesday-Blitz-January-16-2024"]
[Site "Chess.com"]
[Date "2024.01.16"]
[Round "1"]
[White "GothamChess"]
[Black "Matols"]
[Result "1-0"]
[WhiteElo "2714"]
[BlackElo "2385"]
[TimeControl "180+1"]
[EndTime "8:07:47 PST"]
[Termination "GothamChess won on time"]

1. d4 d5 2. Bg5 h6 3. Bh4 c6 4. Nc3 g5 5. Bg3 Bg7 6. h4 g4 7. e3 Bf5 8. Bd3 Bxd3 9. Qxd3 Nd7 10. e4 dxe4 11. Nxe4 Ngf6 12. Nc3 Qa5 13. O-O-O Nd5 14. Nge2 Nxc3 15. Nxc3 e6 16. Kb1 O-O-O 17. Ne4 Ne5 18. Qe2 f5 19. Nc3 Nd7 20. Qxe6 Rhe8 21. Qf7 Bh8 22. Rd3 Rf8 23. Qg6 Rf6 24. Qh5 Re6 25. Rhd1 Rde8 26. f3 gxf3 27. Qxf3 Nf6 28. Be5 Ne4 29.
Qxf5 Nxc3+ 30. Rxc3 Bxe5 31. dxe5 Qxe5 32. Qd3 Qe2 33.
Qd7+ Kb8 34. Rcd3 a6 35. g4 Qxg4 36. a3 Qxh4 37. Rb3 b5 38. Rf3 Qe7 39. Qd2 Re2 40. Qxh6 Kb7 41. Qc1 Re1 42. Rfd3 Rxd1 43. Rxd1 Qe3 44. Rd2 1-0

[Event "Early-Titled-Tuesday-Blitz-January-16-2024"]
[Site "Chess.com"]
[Date "2024.01.16"]
[Round "1"]
[White "AradNazari"]
[Black "maHmoUd-S-haddAd-M"]
[Result "0-1"]
[WhiteElo "2640"]
[BlackElo "2349"]
[TimeControl "180+1"]
[EndTime "8:07:48 PST"]
[Termination "maHmoUd-S-haddAd-M won by resignation"]

1. e4 d5 2. exd5 Nf6 3. d4 Bg4 4. f3 Bf5 5. c4 e6 6. dxe6 Nc6 7. exf7+ Kxf7 8. Be3 Bb4+ 9. Kf2 Re8 10. Nc3 Rxe3 11. Kxe3 Bc2 12. Qd2 Ng4+ 13. Kf4 Qh4 14. fxg4 Bd6+ 15.
Kf3 Qf6+ 16. Ke2 Re8+ 17. Qe3 Rxe3+ 18. Kxe3 Qf4+ 19. Ke2 Nxd4+ 20. Ke1 Qe3+ 21. Nge2 Bb4 22. c5 Nxe2 23. Bxe2 Bxc3+ 24. bxc3 Bd3 25. Rf1+ Kg6 26. Rf2 Bxe2 27. Rxe2 Qxc3+ 28. Kf2 Qxa1 29. h3 Qd4+ 30. Kf3 Qxc5 31. h4 Qd5+ 32. Kf4 Qd4+ 33. Re4 Qd2+ 34.
Kg3 Qxa2 35. Rf4 Qb3+ 36. Rf3 Qxf3+ 37. gxf3 a5 38. Kf4 a4 39. Ke5 b5 40. Ke6 h6 41.
f4 a3 42. f5+ Kh7 43. g5 hxg5 44. hxg5 a2 45. Kf7 a1=Q 46. f6 Qa2+ 47. Kf8 gxf6 0-1

[Event "Early-Titled-Tuesday-Blitz-January-16-2024"]
[Site "Chess.com"]
[Date "2024.01.16"]
[Round "1"]
[White "KevinGeorgeMicheal"]
[Black "Zavgorodniy_Sergiy"]
[Result "0-1"]
[WhiteElo "2214"]
[BlackElo "2598"]
[TimeControl "180+1"]
[EndTime "8:07:48 PST"]
[Termination "Zavgorodniy_Sergiy won by checkmate"]

1. d4 Nf6 2. Nf3 e6 3. e3 b6 4.
Bd3 Bb7 5. O-O g6 6. b3 Bg7 7.
Bb2 O-O 8. Nbd2 d6 9. c4 Nbd7 10. Qe2 Qe7 11. e4 Nh5 12. g3 e5 13. d5 Bh6 14. Nh4 Nf4 15. Qf3 Nh3+ 16. Kg2 Nf4+ 17. Kg1 Nxd3 18. Qxd3 f5 19. exf5 Nc5 20. Qc2 gxf5 21.
b4 Nd7 22. Nxf5 Rxf5 23. Qxf5 Bxd2 24. f4 Be3+ 25. Kh1 Rf8 26. Qg4+ Qg7 27. Qxg7+ Kxg7 28. fxe5 Nxe5 29. Rxf8 Kxf8 30. Re1 Nxc4 31. Kg2 Bxd5+ 32.
Kh3 Nxb2 33. Rxe3 b5 34. Ra3 Na4 35. Kh4 c5 36. Rd3 Bxa2 37. bxc5 dxc5 38. Rd7 Bf7 39. Rxa7 Kg7 40. g4 c4 41. Kg5 c3 42. h4 h6+ 43.
Kf5 c2 44. Rc7 b4 45. h5 Nc3 46.
g5 c1=Q 47. g6 Qg5# 0-1

[Event "Early-Titled-Tuesday-Blitz-January-16-2024"]
[Site "Chess.com"]
[Date "2024.01.16"]
[Round "1"]
[White "campochess"]
[Black "nindjaxx8"]
[Result "0-1"]
[WhiteElo "2100"]
[BlackElo "2568"]
[TimeControl "180+1"]
[EndTime "8:07:48 PST"]
[Termination "nindjaxx8 won on time"]

1. e4 e6 2. Qe2 c5 3. c3 Nc6 4. Nf3 Nf6 5. d3 d5 6. Bg5 Be7 7. Nbd2 O-O 8. Rd1 Re8 9. e5 Nd7 10.
Bxe7 Qxe7 11. d4 cxd4 12. cxd4 f6 13. g3 fxe5 14. dxe5 Qb4 15. Bg2 Qxb2 16. O-O Ncxe5 17. Ng5 h6 18. Nxe6 Nf6 19. Nc7 Bg4 20. Rb1 Qxa2 21. Qb5 Qxd2 22. Nxa8 Rxa8 23. Qxb7 Rf8 24. Qxa7 Qg5 25.
Qe3 Qh5 26. f4 Nc4 27. Qd4 Bh3 28. Rf2 Bxg2 29. Rxg2 Qf5 30. Re1 Ra8 31. Rge2 Qd7 32.
Re7 Qc6 33. Qd3 Ne4 34. R1xe4 dxe4 35. Rxe4 Nd6 36. Qb3+ Kh8 37. Re1 Qc5+ 38. Kh1 Nc4 39. Qf3 Rd8 40. f5 Nd2 41. Qg2 Qxf5 42. h4 Qd3 43. Re7 Nf3 44. Qf2 Qd5 45. Kg2 Ne5+ 0-1

[Event "Early-Titled-Tuesday-Blitz-January-16-2024"]
[Site "Chess.com"]
[Date "2024.01.16"]
[Round "1"]
[White "MdChess1734"]
[Black "BursaBBSatranc"]
[Result "0-1"]
[WhiteElo "2386"]
[BlackElo "2715"]
[TimeControl "180+1"]
[EndTime "8:07:49 PST"]
[Termination "BursaBBSatranc won by resignation"]

1. e4 e5 2. Nf3 Nf6 3. Nxe5 d6 4. Nf3 Nxe4 5. Nc3 Nxc3 6. dxc3 Be7 7. Bd3 Nc6 8. Bf4 Be6 9. Qd2 Qd7 10. O-O-O O-O-O 11. Kb1 a6 12. Rhe1 Rhe8 13. Nd4 Nxd4 14. cxd4 Qa4 15.
d5 Bxd5 16. Bf5+ Be6 17. Bxe6+ fxe6 18. Rxe6 Bf6 19. Rde1 Rxe6 20. Rxe6 Qb5 21. b3 Qf1+ 22. Re1 Qxg2 23. Bg3 Qc6 24. Qd3 Qc5 25. Re3 h6 26. Rf3 Re8 27. Re3 Rxe3 28. Qxe3 Qxe3 29. fxe3 Be5 30.
Bxe5 dxe5 31. Kc1 e4 32. Kd2 Kd7 33. Ke2 Ke6 34. c4 c5 35. a4 b6 36. Kf2 Kf5 37.
Kg3 Kg5 38. Kh3 h5 39. Kg3 h4+ 40. Kh3 Kh5 41. Kg2 g5 42. Kf2 Kg4 43. Kg2 h3+ 44. Kf2 Kh4 45. Kg1 g4 46. Kf2 g3+ 47. hxg3+ Kg4 48.
Kg1 Kxg3 0-1

[Event "Early-Titled-Tuesday-Blitz-January-16-2024"]
[Site "Chess.com"]
[Date "2024.01.16"]
[Round "1"]
[White "Batcu"]
[Black "MokshAD1603"]
[Result "0-1"]
[WhiteElo "2242"]
[BlackElo "2606"]
[TimeControl "180+1"]
[EndTime "8:07:49 PST"]
[Termination "MokshAD1603 won on time"]

1. d4 Nf6 2. c4 g6 3. Nc3 d5 4. cxd5 Nxd5 5. e4 Nxc3 6. bxc3 Bg7 7. Be3 c5 8. Be2 cxd4 9. cxd4 Qa5+ 10. Qd2 Qxd2+ 11.
Kxd2 Nc6 12. Nf3 Bg4 13. e5 Rd8 14. Bb5 O-O 15. Bxc6 bxc6 16. Ke2 c5 17. dxc5 Bxe5 18. Rab1 Bf6 19. Rb7 Be6 20. Rc1 a5 21. Ra7 Ra8 22.
Rxa8 Rxa8 23. c6 Bxa2 24. c7 Be6 25. Rd1 Rc8 26. Bh6 Bc4+ 27. Ke3 e6 28. Rd7 Bb5 29. Rd1 Rxc7 30. Rb1 Rb7 31. Nd4 Bc6 32. Rc1 Bd7 33. Nc2 a4 34. Rd1 Bg7 35. Bg5 h6 36.
Bf4 e5 37. Bg3 Rc7 38. Na3 Rc3+ 39. Rd3 Rxd3+ 40. Kxd3 Bf8 41. Nc4 f6 42. Kc3 a3 43.
f3 Be6 44. Nd2 Bb4+ 0-1

[Event "Early-Titled-Tuesday-Blitz-January-16-2024"]
[Site "Chess.com"]
[Date "2024.01.16"]
[Round "1"]
[White "noblerone"]
[Black "Fandorine"]
[Result "0-1"]
[WhiteElo "2515"]
[BlackElo "2992"]
[TimeControl "180+1"]
[EndTime "8:07:50 PST"]
[Termination "Fandorine won by resignation"]

1. d4 Nf6 2. c4 g6 3. Nc3 Bg7 4.
Nf3 d6 5. Bg5 O-O 6. e3 c5 7.
Be2 Qb6 8. Qd2 Nc6 9. O-O Bg4 10.
d5 Bxf3 11. Bxf3 Ne5 12. Be2 Qb4 13. b3 a6 14. Rac1 b5 15. cxb5 axb5 16. Bxb5 Rfb8 17.
Ba4 Ra7 18. Bxf6 Bxf6 19. Nb1 c4 20. Qxb4 Rxb4 21. Rfd1 Nd3 22. Rc2 Nb2 23. Rdc1 Nxa4 24. bxa4 Rbxa4 25. a3 Rb7 26. g3 Kg7 27. Kg2 h5 28. Kf3 g5 29. h3 Kg6 30. g4 h4 31.
Nd2 c3 32. Ne4 Be5 33. Nxc3 Rxa3 34. Ne4 Rb5 35. Rd1 Ra8 36. Nd2 Raa5 37. e4 Ra3+ 38. Kg2 Rd3 39. Kf1 Rxh3 40. Ke2 Kg7 41. Nf3 Bf4 42. Ra1 Rb4 43. e5 Re4+ 44. Kf1 Rxf3 45. exd6 Bxd6 46. Rd1 Rxg4 47. Re2 h3 48. Re3 h2 49.
Ke2 Rxe3+ 0-1

[Event "Early-Titled-Tuesday-Blitz-January-16-2024"]
[Site "Chess.com"]
[Date "2024.01.16"]
[Round "1"]
[White "FairChess_on_YouTube"]
[Black "ErikRonka"]
[Result "1-0"]
[WhiteElo "3077"]
[BlackElo "2536"]
[TimeControl "180+1"]
[EndTime "8:07:52 PST"]
[Termination "FairChess_on_YouTube won by checkmate"]

1. Nf3 d5 2. g3 c6 3. Bg2 Nf6 4.
c4 Bg4 5. Ne5 Be6 6. cxd5 Bxd5 7. Nf3 c5 8. Nc3 Bc6 9. O-O e6 10. a3 Be7 11. Rb1 O-O 12. b4 cxb4 13. axb4 b6 14. b5 Bb7 15. d3 Nbd7 16. Bd2 Nc5 17. Ne5 Bxg2 18. Kxg2 Qc7 19. Nc6 Bd6 20. d4 Ncd7 21.
e4 e5 22. Be3 a6 23. d5 a5 24. Qd3 Ng4 25. Na4 Nxe3+ 26. Qxe3 Nc5 27. Ra1 f5 28. Nxc5 Bxc5 29. Qd3 f4 30. f3 fxg3 31.
hxg3 Rf7 32. Rac1 Re8 33. Rxc5 bxc5 34. d6 Qb7 35. Rd1 Rd7 36. Qd5+ Kh8 37. Nxe5 Qxb5 38.
Nxd7 Qe2+ 39. Kh3 Qxf3 40. Nxc5 h5 41. Qd3 Qg4+ 42. Kg2 Rd8 43. d7 h4 44. Rh1 Kg8 45.
Qd5+ Kf8 46. Rf1+ Ke7 47. Rf7# 1-0

[Event "Early-Titled-Tuesday-Blitz-January-16-2024"]
[Site "Chess.com"]
[Date "2024.01.16"]
[Round "1"]
[White "Kirill_Klukin"]
[Black "Road2GM3000"]
[Result "1-0"]
[WhiteElo "2852"]
[BlackElo "2461"]
[TimeControl "180+1"]
[EndTime "8:07:52 PST"]
[Termination "Kirill_Klukin won by resignation"]

1. b3 d5 2. Bb2 Nf6 3. Nf3 c6 4. e3 Bg4 5. c4 e6 6. h3 Bh5 7. Nc3 Nbd7 8. g4 Bg6 9. Nh4 Ne4 10. Nxg6 hxg6 11. Nxe4 dxe4 12. d3 Bb4+ 13. Ke2 exd3+ 14. Qxd3 O-O 15. Rd1 Nf6 16. Qxd8 Rfxd8 17. Bg2 Kf8 18. f4 Ke7 19. Bf3 Rxd1 20. Rxd1 Rd8 21. g5 Ne8 22. Rxd8 Kxd8 23. h4 Ke7 24. Be4 Bd6 25. Kf3 f5 26. Bc2 Kf7 27. e4 Bc5 28. Kg3 Nd6 29. Kf3 fxe4+ 30.
Bxe4 Nxe4 31. Kxe4 Bf2 32. Bd4 Bxd4 33. Kxd4 Ke7 34.
c5 Kd7 35. Ke4 Ke8 36. Kf3 Kf7 37. Ke4 Ke8 38. b4 Kf8 39. Ke3 Ke8 40. Kf3 Kf7 41. Kg4 Kf8 42. h5 gxh5+ 43. Kxh5 Kf7 44. a3 Kf8 45.
Kg6 Kg8 46. a4 Kf8 47. Kh7 Kf7 48. Kh8 Kg6 49. Kg8 Kf5 50. Kxg7 Kxf4 51. g6 e5 52. Kf6 e4 53. g7 e3 54. g8=Q e2 55. Qg1 Kf3 56.
Qe1 1-0

[Event "Early-Titled-Tuesday-Blitz-January-16-2024"]
[Site "Chess.com"]
[Date "2024.01.16"]
[Round "1"]
[White "kaanadayhamle"]
[Black "Alexchess1984"]
[Result "1-0"]
[WhiteElo "2394"]
[BlackElo "2687"]
[TimeControl "180+1"]
[EndTime "8:07:52 PST"]
[Termination "kaanadayhamle won by resignation"]

1. Nf3 Nf6 2. g3 g6 3. Bg2 Bg7 4. O-O O-O 5. d4 d5 6. Bf4 c5 7. c3 cxd4 8. cxd4 Ne4 9. Nc3 Nxc3 10. bxc3 Nc6 11. Ne5 Nxe5 12. dxe5 e6 13. Qd4 Qc7 14.
Rfc1 b5 15. a4 Bd7 16. axb5 Bxb5 17. e4 dxe4 18. Bxe4 Rad8 19. Qxa7 Qc4 20. Bg2 Bc6 21.
Bxc6 Qxc6 22. c4 h5 23. h4 Qe4 24. Qe3 Qxe3 25. fxe3 Rd2 26. c5 Rc8 27. c6 Bf8 28. Ra4 Be7 29. Rac4 Rc7 30. R4c2 Rxc2 31. Rxc2 Kf8 32. Kf2 Ke8 33. Kf3 Kd8 34. e4 Kc8 35. Be3 Kb8 36. Bb6 Rc8 37. Kf4 Ka8 38. Be3 Bd8 39.
Bf2 Kb8 40. Be3 Kc7 41. Bd2 Ra8 42. Bb4 Kc8 43. Bd6 Bc7 44. Kg5 Bd8+ 45. Kh6 Ra4 46. Kg7 Rxe4 47. Kxf7 Rg4 48. Rc3 g5 49. c7 Rxh4 50.
cxd8=Q+ Kxd8 51. gxh4 1-0

[Event "Early-Titled-Tuesday-Blitz-January-16-2024"]
[Site "Chess.com"]
[Date "2024.01.16"]
[Round "1"]
[White "bolwin"]
[Black "RodokininEV"]
[Result "0-1"]
[WhiteElo "2265"]
[BlackElo "2614"]
[TimeControl "180+1"]
[EndTime "8:07:53 PST"]
[Termination "RodokininEV won by checkmate"]

1. Nf3 Nf6 2. c4 g6 3. Nc3 Bg7 4. e4 d6 5. d4 O-O 6. Be2 e5 7. O-O Nc6 8. d5 Ne7 9. b4 a5 10. Ba3 axb4 11. Bxb4 Nd7 12. Nd2 f5 13. f3 c5 14. dxc6 Qb6+ 15. Kh1 Qxb4 16. cxd7 Bxd7 17. Qb3 Qc5 18. Qxb7 Rfd8 19. Nb3 Qe3 20. Rac1 Kh8 21. Rfe1 Nc6 22. Nd5 Qg5 23. c5 dxc5 24. Nxc5 Nd4 25. Bf1 Bc6 26. Qc7 Bxd5 27. exd5 Rac8 28. Qb7 Qd2 29. Rcd1 Qxa2 30. Ne6 Nxe6 31. dxe6 Qxe6 32. Rxd8+ Rxd8 33. Qc7 Re8 34. Bc4 Qe7 35. Qc6 h5 36.
Rd1 Kh7 37. Rd7 Qg5 38. Bf7 Rb8 39. Qc2 Rb4 40. Rd6 Bf6 41. h3 h4 42. Rc6 Rd4 43.
Qb3 Rd2 44. Bxg6+ Qxg6 45. Qb7+ Kh6 46. Qb1 Qxg2# 0-1

[Event "Early-Titled-Tuesday-Blitz-January-16-2024"]
[Site "Chess.com"]
[Date "2024.01.16"]
[Round "1"]
[White "Arystanner"]
[Black "01Roman"]
[Result "1-0"]
[WhiteElo "2810"]
[BlackElo "2438"]
[TimeControl "180+1"]
[EndTime "8:07:54 PST"]
[Termination "Arystanner won on time"]

1. d4 Nf6 2. c4 c5 3. d5 e5 4. Nc3 d6 5. e4 Nbd7 6. Be2 a6 7. a4 Be7 8. g4 h6 9. h4 Nf8 10. Be3 Ng6 11. f3 Nd7 12. h5 Nf4 13. Kd2 Bg5 14. Kc2 Rb8 15. Bxf4 exf4 16. Nh3 Ne5 17. Nf2 Bd7 18.
Nd3 Qe7 19. Nxe5 Qxe5 20. Qd3 Bf6 21. Ra3 b5 22. axb5 axb5 23. cxb5 O-O 24. Rb1 c4 25. Qxc4 Rfc8 26. Qb4 Bxg4 27. fxg4 f3 28. Bxf3 Qh2+ 29.
Kb3 Bxc3 30. bxc3 Qd2 31. Rd1 Qe3 32. Bg2 Rxb5 33. Qxb5 Rxc3+ 34. Kb2 Rxa3 35. Qb4 Ra6 36. Rd4 Qf2+ 37. Qd2 Rb6+ 38. Kc3 Qg1 39. Rc4 Qa1+ 40. Kd3 Rb3+ 41. Rc3 Qa6+ 42. Ke3 Qb6+ 43. Kf4 Rb2 44.
Rc2 1-0

[Event "Early-Titled-Tuesday-Blitz-January-16-2024"]
[Site "Chess.com"]
[Date "2024.01.16"]
[Round "1"]
[White "viktorskliarov"]
[Black "IngOscarArdila"]
[Result "1-0"]
[WhiteElo "2676"]
[BlackElo "2352"]
[TimeControl "180+1"]
[EndTime "8:07:54 PST"]
[Termination "viktorskliarov won by resignation"]

1. e4 e5 2. Nc3 Nf6 3. Bc4 Bb4 4. d3 d6 5. Ne2 Bg4 6. O-O Nbd7 7. h3 Bh5 8. Bd2 O-O 9. a3 Ba5 10. b4 Bb6 11. Na4 c6 12. Nxb6 axb6 13. g4 Bg6 14.
Nc3 b5 15. Bb3 Re8 16. f4 exf4 17. Bxf4 Qe7 18. Kg2 h5 19. g5 Nh7 20. Qd2 Ne5 21.
Nd1 c5 22. Bd5 Nf8 23. Ne3 Ne6 24. Nf5 Nxf4+ 25. Qxf4 Qf8 26. Nh4 Kh7 27. Bxb7 Rab8 28. Bd5 Qe7 29. Rf2 Rec8 30. Raf1 Rc7 31. bxc5 dxc5 32.
Nf3 Re8 33. Nxe5 Qxe5 34. Qxe5 Rxe5 35. h4 b4 36. axb4 cxb4 37. Rb1 f6 38. gxf6 gxf6 39. Rxf6 Rg7 40. Kf2 Be8 41. Rxb4 Ree7 42. Rbb6 Rg4 43.
Rh6+ Kg7 44. Rhe6 Rxe6 45. Rxe6 Bf7 46. Re7 Rf4+ 47. Ke3 Rf1 48. Rxf7+ Rxf7 49. Bxf7 Kxf7 50. Kf4 Ke6 51. c4 Kd6 52. Kg5 1-0

[Event "Early-Titled-Tuesday-Blitz-January-16-2024"]
[Site "Chess.com"]
[Date "2024.01.16"]
[Round "1"]
[White "UmarovSabir"]
[Black "AlexPapasimakopoulos"]
[Result "0-1"]
[WhiteElo "2298"]
[BlackElo "2641"]
[TimeControl "180+1"]
[EndTime "8:07:55 PST"]
[Termination "AlexPapasimakopoulos won on time"]

1. e4 e6 2. d4 d5 3. Nd2 Nf6 4. e5 Nfd7 5. Bd3 c5 6. c3 b5 7. Ne2 b4 8. O-O bxc3 9. bxc3 Be7 10. a4 Ba6 11. Nf3 Qa5 12. Ba3 O-O 13. h4 Nc6 14. h5 h6 15. Nf4 cxd4 16. cxd4 Rab8 17. Bxa6 Qxa6 18. Qd2 Rb3 19. Bxe7 Nxe7 20. Rfc1 Nf5 21. a5 Rc8 22. Rxc8+ Qxc8 23. Rc1 Qb7 24. Nd3 Qb5 25. Nc5 Rb2 26. Qe1 Nxc5 27. Rxc5 Qb7 28. g4 Ne7 29.
Qc3 Rb3 30. Rc7 Rxc3 31. Rxb7 Rxf3 32. Rxe7 Rf4 33. Rxa7 Rxg4+ 34. Kf1 Rxd4 35. a6 Ra4 36. Ke2 Ra3 37. f4 g6 38. hxg6 fxg6 39. Kf2 h5 40. Kg2 h4 41. Kh2 h3 42. Kh1 Ra2 43. Kg1 Kf8 44.
Kh1 h2 45. Ra8+ Kg7 46. a7 d4 47. Re8 Rxa7 48. Rxe6 Rd7 49. Rd6 Rxd6 0-1

[Event "Early-Titled-Tuesday-Blitz-January-16-2024"]
[Site "Chess.com"]
[Date "2024.01.16"]
[Round "1"]
[White "mitrabhaa"]
[Black "m_ezat"]
[Result "1-0"]
[WhiteElo "2918"]
[BlackElo "2492"]
[TimeControl "180+1"]
[EndTime "8:07:57 PST"]
[Termination "mitrabhaa won on time"]

1. Nf3 Nf6 2. d4 g6 3. g3 Bg7 4. Bg2 O-O 5. O-O d6 6. c4 Nc6 7. Nc3 Bg4 8. d5 Na5 9. b3 c5 10. Bd2 a6 11. Qe1 b6 12. e4 Nd7 13. Rc1 Nb7 14. h3 Bxf3 15. Bxf3 b5 16. Be2 b4 17. Na4 a5 18. f4 Nb6 19. Bd3 Nxa4 20. bxa4 Qd7 21.
Bc2 Qxh3 22. e5 dxe5 23. fxe5 f5 24. Bg5 Rae8 25. Rf4 Bxe5 26. Qe3 h6 27. Rh4 Qxh4 28. gxh4 Bd4 29. Bxh6 Bxe3+ 30. Bxe3 e6 31. Bh6 exd5 32. Bxf8 Kxf8 33. cxd5 Nd6 34. Bd3 c4 35. Bf1 Re4 36. h5 g5 37. Kf2 Rh4 38. Be2 Kg7 39. Bf3 g4 40. Bg2 f4 41. Re1 c3 42. Re7+ Nf7 43. Be4 Rh2+ 44. Kg1 Re2 45. d6 c2 46. Bxc2 Rxc2 47. d7 Rd2 48. h6+ Kxh6 49. Rxf7 f3 50. Kf1 Kg5 51. Ke1 Rd6 52. Kf2 Rd2+ 53. Ke1 Rd6 54. Kf2 Kg6 55. Re7 Kf6 56. Rh7 Ke6 57.
Rg7 Rxd7 58. Rxg4 1-0

[Event "Early-Titled-Tuesday-Blitz-January-16-2024"]
[Site "Chess.com"]
[Date "2024.01.16"]
[Round "1"]
[White "SHIVACalypso"]
[Black "Rsnr"]
[Result "0-1"]
[WhiteElo "2464"]
[BlackElo "2862"]
[TimeControl "180+1"]
[EndTime "8:07:57 PST"]
[Termination "Rsnr won by checkmate"]

1. Nf3 d5 2. d4 Nf6 3. g3 b5 4. Bg2 e6 5. O-O Be7 6. b3 O-O 7. c4 bxc4 8. bxc4 c6 9. Ne5 Nfd7 10. Nxd7 Nxd7 11. Qc2 Ba6 12. Nd2 Nb6 13. cxd5 cxd5 14. Re1 Rc8 15. Qb1 Na4 16. Qb3 Qa5 17. Nf3 Bb4 18.
Bd2 Bxd2 19. Nxd2 Nc3 20. e4 Ne2+ 21. Rxe2 Bxe2 22. Qe3 Qc3 23. Qxc3 Rxc3 24. exd5 exd5 25. Bxd5 Rd8 26. Ne4 Rc7 27. Bb3 Rxd4 28. Ng5 h6 29.
Re1 hxg5 30. Rxe2 g4 31. Kg2 Kh7 32. h3 gxh3+ 33. Kxh3 Rcd7 34. Kg2 Rd2 35. Re4 f5 36. Rh4+ Kg6 37. Rf4 R7d4 38. Rf3 Kg5 39. Rc3 g6 40. Rc6 a5 41. Ra6 a4 42. Bf7 Rd6 43. Rxa4 Kf6 44. Bb3 Rb2 45. Rf4 g5 46.
Rf3 Rdd2 47. Bc4 f4 48. gxf4 g4 49. Re3 Rxf2+ 50. Kg3 Rg2+ 51. Kh4 Kf5 52. Bd5 Rh2+ 53. Kg3 Rh3# 0-1

[Event "Early-Titled-Tuesday-Blitz-January-16-2024"]
[Site "Chess.com"]
[Date "2024.01.16"]
[Round "1"]
[White "KnobbedHornbill"]
[Black "DuleMudule"]
[Result "1-0"]
[WhiteElo "2476"]
[BlackElo "2833"]
[TimeControl "180+1"]
[EndTime "8:07:57 PST"]
[Termination "KnobbedHornbill won by checkmate"]

1. d4 d5 2. c4 Bf5 3. Nf3 e6 4. Nc3 Nc6 5. g3 Nb4 6. Qa4+ c6 7. cxd5 exd5 8. Nh4 Bc2 9. b3 a6 10.
Kd2 b5 11. Qa3 Nd3 12. exd3 Bxa3 13. Bxa3 Ne7 14. Re1 Ra7 15. Nf5 O-O 16. Nxe7+ Kh8 17. Nxc6 Qf6 18. Nxa7 Qxf2+ 19. Re2 Qf3 20. Kxc2 Qxh1 21.
Bg2 Qxh2 22. Bxf8 h6 23. Bd6 Qh5 24. Bxd5 Kh7 25. Be4+ f5 26. Bd5 Qg4 27. Nc6 a5 28. a3 h5 29. Rh2 g6 30. Bf4 g5 31. Ne5 gxf4 32. Nxg4 fxg3 33. Rxh5+ Kg6 34. Rh3 f4 35.
Be4+ Kg5 36. Bf3 b4 37. Ne4+ Kf5 38. Nxg3+ fxg3 39. Rxg3 bxa3 40. Kb1 Kf4 41. Ne5 a4 42. d5 axb3 43. d6 Ke3 44. Bd5+ Kd2 45. Bxb3 Kc3 46. d7 Kb4 47. d4 a2+ 48. Bxa2 Ka4 49. d8=Q Kb4 50. Qc8 Ka5 51. Rb3 Ka4 52. Qa8# 1-0